 Dungeon Crawl Stone Soup version 0.26-a0-712-ga5a9c9c9d0 (webtiles) character file.

Game seed: 7545511235194425578

56 FrothyCoffee the Ruffian (level 3, -3/32 HPs)
             Began as a Naga Transmuter on Nov 10, 2020.
             Slain by a goblin
             ... wielding a +0 club
             ... led by Robin
              (6 damage)
             ... on level 2 of the Dungeon.
             The game lasted 00:11:34 (1956 turns).

FrothyCoffee the Ruffian (Naga Transmuter)          Turns: 1956, Time: 00:11:35

Health: -3/32      AC:  3    Str: 13    XL:     3   Next: 97%
Magic:  5/6        EV: 10    Int: 13    God:
Gold:   64         SH:  0    Dex: 11    Spells: 3/6 levels left

rFire    . . .     SeeInvis +     - Unarmed
rCold    . . .     Faith    .   (no shield)
rNeg     . . .     Spirit   .   a - +0 robe
rPois    +         Reflect  .   (no helmet)
rElec    .         Harm     .   d - +0 cloak
rCorr    .         Rampage  .   (no gloves)
MR       .....                  (no barding)
Stlth    +.........             (no amulet)
HPRegen  0.10/turn              (no ring)
MPRegen  0.10/turn              (no ring)

@: very slow
A: large, see invisible, deformed body, poison resistance, slowness 2, spit
poison 1, AC +1
a: Spit Poison


You were on level 2 of the Dungeon.
You visited 1 branch of the dungeon, and saw 2 of its levels.

You collected 64 gold pieces.

Inventory:

Hand Weapons
 c - a +0 club
Missiles
 e - 57 stones (quivered)
 f - 19 arrows
 l - 25 bolts
Armour
 a - a +0 robe (worn)
 d - a +0 cloak (worn)
 k - a +0 ring mail
Jewellery
 n - a cursed ring of attention {unknown}
Scrolls
 b - 2 scrolls of identify {unknown}
 j - 2 scrolls of remove curse {unknown}
 m - a scroll of enchant weapon {unknown}
Potions
 g - a potion of heal wounds {unknown}
 h - a potion of ambrosia {unknown}
 i - a potion of curing {unknown}


   Skills:
 + Level 2.2 Fighting
 - Level 1.5 Dodging
 + Level 3.6 Unarmed Combat
 - Level 2.0 Spellcasting
 + Level 2.9 Transmutations


You had 3 spell levels left.
You knew the following spells:

 Your Spells              Type           Power        Failure   Level
a - Beastly Appendage     Tmut           #.....       8%          1
b - Wereblood             Tmut           #.......     12%         2

Your spell library contained the following spells:

 Spells                   Type           Power        Failure   Level
 Spider Form              Tmut/Pois      #.........   38%         3
 Ice Form                 Ice/Tmut       #.......     80%         4
 Blade Hands              Tmut           #.........   91%         5


Dungeon Overview and Level Annotations

Branches:
Dungeon (2/15)

Altars:


Innate Abilities, Weirdness & Mutations

You cannot wear boots.
Your serpentine skin is tough. (AC +1)
You have supernaturally acute eyesight. (SInv)
Armour fits poorly on your strangely shaped body.
Your system is resistant to poisons. (rPois)
You cover ground very slowly.
You can spit poison.


Message History

You hit Robin.
Robin is almost dead.
You feel sick.
You are no longer poisoned.
The goblin hits you but does no damage. The goblin completely misses you.
You barely miss Robin.
Robin is almost dead.
You kill Robin!
The goblin closely misses you.
You closely miss the goblin.
You have got your breath back.
The goblin barely misses you. x2
You closely miss the goblin. You hit the goblin.
The goblin is moderately wounded.
Your primal bloodlust has ended.
The goblin no longer looks unusually strong.
The goblin barely misses you. The goblin misses you.
The goblin hits you with a +0 club.
You die...

### . ....
.###### ##.g#
......#
###gg.#
#....#
###@gg#
#....#
#.gg###
##...# ##.###
#...# #..#
#..†# ###.##
#.†<# #...#
#...#####.###
#...##....#
###...#..####


You could see 7 goblins.

Vanquished Creatures
  Robin (D:2)
  An adder (D:2)
  A leopard gecko (D:1)
  A giant cockroach (D:1)
  5 hobgoblins
  6 bats
  2 frilled lizards
  6 goblins (D:1)
  8 kobolds
  6 rats
37 creatures vanquished.

Notes
Turn   | Place    | Note
-------+----------+-------------------------------------------
     0 | D:1      | FrothyCoffee the Naga Transmuter began the quest for the
                  | Orb.
     0 | D:1      | Reached XP level 1. HP: 18/18 MP: 3/3
   542 | D:1      | Reached XP level 2. HP: 7/25 MP: 3/5
   792 | D:1      | Learned a level 2 spell: Wereblood
  1360 | D:1      | Reached XP level 3. HP: 31/32 MP: 3/6
  1936 | D:2      | Noticed Robin
  1953 | D:2      | Killed Robin
  1956 | D:2      | Slain by a goblin

Illustrated notes

Levels and vault maps discovered:
D:1:      minmay_arrival_arboretum_small, layout_basic, lemuel_old_faithful
D:2:      layout_rooms, marbit_many_paths, uniq_robin

Skill      XL: |  1  2  3 |
---------------+----------+-----
Fighting       | 2 |  2.2
Dodging        | |  1.5
Unarmed Combat | |  3.6
Spellcasting   | |  2.0
Transmutations | |  2.9

Action                   || total
-------------------------++-------
Melee: Unarmed           ||   125
       Headbutt          ||    12
Throw: Stone             ||     4
 Cast: Beastly Appendage ||    20
       Wereblood         ||    10
 Abil: Spit Poison       ||     6
Armor: Robe              ||    43
Dodge: Dodged            ||    71

Table legend: (Time is in decaauts)
 A = Elapsed time spent in this place.
 B = Non-inter-level travel time spent in this place.
 C = Inter-level travel time spent in this place.
 D = Time resting spent in this place.
 E = Time spent auto-exploring this place.
 F = Levels seen in this place.
 G = Mean time per level.
                   A        B        C        D        E       F      G
               +--------+--------+--------+--------+--------+-----+--------+
         Total |   2248 |   2196 |     52 |    937 |    336 |   2 | 1124.0 |
       Dungeon |   2248 |   2196 |     52 |    937 |    336 |   2 | 1124.0 |
               +--------+--------+--------+--------+--------+-----+--------+

Top non-repeatable levels by time:
     D:1: 2107 daAuts
     D:2: 141 daAuts
